General information
- name: BNet
- type: Ladder team game (AT/RT)
- host: Battle.net
- saver: MULATTOSRWHITE
map: Slalom
- players: 8
- length: 33:35
- speed: Fast
- version: 1.26 W3XP
- replay type: Public
» download(183 KB)
Players
team 1 (loser)
noasstomouth (
red | 25 APM | 457 actions | 18:32)
4 Death Knight
2 Death Coil
2 Unholy Aura
» actions
| Assign group hotkey | 12 | |
| Basic commands | 29 | |
| Build / train | 36 | |
| Enter build submenu | 21 | |
| Enter hero's abilities submenu | 4 | |
| Right click | 156 | |
| Select / deselect | 111 | |
| Select group hotkey | 66 | |
| Use ability | 22 | |
457 total
» units
| Acolyte | 4 | |
| Ghoul | 3 | |
| Crypt Fiend | 9 | |
| Frost Wyrm | 3 | |
19 total
» upgrades
| Creature Attack | 2 | |
| Creature Carapace | 2 | |
| Web | 1 | |
| Freezing Breath | 1 | |
6 total
» buildings
| Altar of Darkness | 1 | |
| Crypt | 2 | |
| Ziggurat | 9 | |
| Graveyard | 1 | |
| Tomb of Relics | 1 | |
| Halls of the Dead | 1 | |
| Black Citadel | 1 | |
| Sacrificial Pit | 1 | |
| Boneyard | 2 | |
| Spirit Tower | 2 | |
21 total
» build order
00:26 Altar of Darkness
00:33 Crypt
00:40 Ziggurat
00:44 Ziggurat
01:08 Graveyard
01:52 Ziggurat
02:08 Crypt
02:27 Tomb of Relics
03:57 Halls of the Dead
05:06 Ziggurat
06:50 Black Citadel
08:21 Sacrificial Pit
09:06 Ziggurat
09:21 Boneyard
09:38 Ziggurat
09:54 Boneyard
12:51 Ziggurat
12:53 Ziggurat
15:24 Ziggurat
15:54 Spirit Tower
16:10 Spirit Tower
» items
| Orb of Corruption | 1 | |
| Scroll of Healing | 1 | |
2 total

»
x_Army_Strong_x (
green | 19 APM | 357 actions | 19:00)
1 Tauren Chieftain
1 Endurance Aura
» actions
| Assign group hotkey | 1 | |
| Basic commands | 5 | |
| Build / train | 41 | |
| Enter build submenu | 16 | |
| Enter hero's abilities submenu | 1 | |
| Remove unit from queue | 1 | |
| Right click | 149 | |
| Select / deselect | 121 | |
| Select group hotkey | 5 | |
| Use ability | 17 | |
357 total
» units
» upgrades
| Melee Weapons | 3 | |
| Armor | 3 | |
| Shaman Training | 2 | |
| Pulverize | 1 | |
9 total
» buildings
| Orc Burrow | 9 | |
| Altar of Storms | 1 | |
| War Mill | 1 | |
| Voodoo Lounge | 1 | |
| Stronghold | 1 | |
| Great Hall | 2 | |
| Fortress | 1 | |
| Spirit Lodge | 1 | |
| Tauren Totem | 2 | |
19 total
» build order
00:41 Orc Burrow
00:58 Altar of Storms
01:05 War Mill
01:44 Orc Burrow
02:38 Orc Burrow
02:46 Orc Burrow
03:03 Voodoo Lounge
03:20 Stronghold
04:37 Orc Burrow
04:39 Orc Burrow
04:42 Orc Burrow
04:45 Orc Burrow
05:01 Orc Burrow
06:00 Great Hall
07:31 Fortress
07:39 Spirit Lodge
08:43 Great Hall
10:11 Tauren Totem
10:14 Tauren Totem
TheDragonsHoard (
teal | 67 APM | 2237 actions | 33:33)
8 Archmage
3 Summon Water Elemental
3 Brilliance Aura
1 Mass Teleport
1 Blizzard
1 Tauren Chieftain
1 Shockwave
1 Death Knight
1 Unholy Aura
» actions
| Assign group hotkey | 92 | |
| Basic commands | 140 | |
| Build / train | 100 | |
| Enter build submenu | 44 | |
| Enter hero's abilities submenu | 11 | |
| Give item / drop item | 5 | |
| Right click | 839 | |
| Select / deselect | 482 | |
| Select group hotkey | 422 | |
| Use ability | 102 | |
2237 total
» units
| Peasant | 24 | |
| Footman | 4 | |
| Gryphon Rider | 15 | |
| Crypt Fiend | 11 | |
54 total
» upgrades
| Defend | 1 | |
| Lumber Harvesting | 2 | |
| Masonry | 3 | |
| Storm Hammers | 1 | |
| Swords | 3 | |
| Armor | 3 | |
| Animal War Training | 1 | |
| Burrow | 1 | |
| Gunpowder | 1 | |
16 total
» buildings
| Altar of Kings | 1 | |
| Barracks | 3 | |
| Farm | 11 | |
| Town Hall | 3 | |
| Arcane Vault | 1 | |
| Keep | 1 | |
| Lumber Mill | 3 | |
| Scout Tower | 27 | |
| Castle | 1 | |
| Guard Tower | 11 | |
| Gryphon Aviary | 3 | |
| Blacksmith | 2 | |
67 total
» build order
00:40 Altar of Kings
00:45 Barracks
01:17 Farm
01:18 Farm
01:19 Farm
01:22 Farm
02:15 Farm
02:37 Farm
04:18 Town Hall
04:52 Arcane Vault
05:49 Keep
06:42 Lumber Mill
07:59 Town Hall
08:06 Scout Tower
08:07 Scout Tower
08:08 Scout Tower
08:12 Scout Tower
08:17 Scout Tower
08:18 Scout Tower
08:19 Scout Tower
08:19 Scout Tower
08:22 Castle
08:34 Guard Tower
08:38 Guard Tower
08:51 Guard Tower
09:01 Scout Tower
09:02 Scout Tower
09:02 Scout Tower
09:03 Scout Tower
09:08 Guard Tower
09:20 Scout Tower
09:21 Guard Tower
09:33 Guard Tower
09:42 Guard Tower
09:47 Guard Tower
09:55 Scout Tower
09:56 Scout Tower
10:04 Scout Tower
11:13 Guard Tower
11:17 Scout Tower
11:17 Scout Tower
11:24 Scout Tower
11:25 Scout Tower
11:26 Scout Tower
11:27 Scout Tower
11:28 Scout Tower
11:29 Scout Tower
11:35 Scout Tower
11:36 Scout Tower
11:37 Scout Tower
11:50 Gryphon Aviary
11:51 Gryphon Aviary
11:51 Gryphon Aviary
12:31 Blacksmith
12:34 Blacksmith
12:38 Farm
12:39 Farm
12:40 Farm
12:41 Farm
12:41 Farm
13:00 Guard Tower
13:10 Lumber Mill
13:18 Lumber Mill
14:22 Guard Tower
17:09 Town Hall
20:57 Barracks
20:58 Barracks
» items
| Boots of Speed | 1 | |
| Periapt of Vitality | 1 | |
| Staff of Teleportation | 1 | |
| Scroll of Regeneration | 1 | |
| Potion of Healing | 1 | |
| Scroll of Town Portal | 1 | |
6 total

»
Parabolica (
orange | 62 APM | 2081 actions | 33:32)
7 Blademaster
3 Wind Walk
3 Critical Strike
1 Bladestorm
7 Shadow Hunter
3 Healing Wave
3 Hex
1 Big Bad Voodoo
1 Death Knight
1 Death Coil
» actions
| Assign group hotkey | 20 | |
| Build / train | 88 | |
| Enter build submenu | 18 | |
| Enter hero's abilities submenu | 16 | |
| Give item / drop item | 4 | |
| Right click | 732 | |
| Select / deselect | 330 | |
| Select group hotkey | 792 | |
| Use ability | 81 | |
2081 total
» units
| Peon | 12 | |
| Troll Headhunter/Berserker | 11 | |
| Wind Rider | 3 | |
| Troll Witch Doctor | 3 | |
| Raider | 3 | |
| Tauren | 4 | |
| Shaman | 6 | |
42 total
» upgrades
| Ranged Weapons | 3 | |
| Armor | 3 | |
| Troll Regeneration | 1 | |
| Witch Doctor Training | 2 | |
| Ensnare | 1 | |
| Melee Weapons | 1 | |
| Berserker Upgrade | 1 | |
| Envenomed Spears | 1 | |
13 total
» buildings
| Orc Burrow | 7 | |
| Altar of Storms | 1 | |
| War Mill | 2 | |
| Barracks | 1 | |
| Voodoo Lounge | 1 | |
| Stronghold | 1 | |
| Beastiary | 2 | |
| Spirit Lodge | 1 | |
| Watch Tower | 2 | |
| Fortress | 1 | |
19 total
» build order
00:21 Orc Burrow
00:40 Altar of Storms
00:54 War Mill
01:18 Orc Burrow
02:13 Barracks
02:17 Voodoo Lounge
03:36 Stronghold
04:00 Orc Burrow
06:01 Beastiary
07:03 Beastiary
08:03 Spirit Lodge
08:16 Orc Burrow
09:31 Watch Tower
09:43 Orc Burrow
10:54 Fortress
12:03 Orc Burrow
16:41 Orc Burrow
17:13 Watch Tower
17:17 War Mill
» items
| Healing Salve | 1 | |
| Lesser Clarity Potion | 1 | |
| Staff of Teleportation | 1 | |
3 total
team 2 (winner)

»
Amenx3 (
yellow | 51 APM | 1196 actions | 23:27)
8 Lich
3 Frost Nova
3 Frost Armor
1 Death and Decay
1 Dark Ritual
» actions
| Assign group hotkey | 31 | |
| Basic commands | 98 | |
| Build / train | 61 | |
| ESC pressed | 4 | |
| Enter build submenu | 19 | |
| Enter hero's abilities submenu | 8 | |
| Right click | 188 | |
| Select / deselect | 222 | |
| Select group hotkey | 465 | |
| Use ability | 100 | |
1196 total
» units
| Acolyte | 8 | |
| Ghoul | 4 | |
| Crypt Fiend | 3 | |
| Obsidian Statue | 4 | |
| Necromancer | 7 | |
| Frost Wyrm | 11 | |
37 total
» upgrades
| Web | 1 | |
| Necromancer Training | 2 | |
| Skeletal Mastery | 1 | |
| Creature Attack | 2 | |
| Skeletal Longevity | 1 | |
| Freezing Breath | 1 | |
| Creature Carapace | 1 | |
| Banshee Training | 1 | |
10 total
» buildings
| Crypt | 1 | |
| Ziggurat | 8 | |
| Altar of Darkness | 1 | |
| Graveyard | 1 | |
| Tomb of Relics | 1 | |
| Halls of the Dead | 1 | |
| Black Citadel | 1 | |
| Temple of the Damned | 2 | |
| Sacrificial Pit | 1 | |
| Slaughterhouse | 1 | |
| Boneyard | 1 | |
| Necropolis | 1 | |
20 total
» build order
00:14 Crypt
00:16 Ziggurat
00:37 Altar of Darkness
01:02 Graveyard
01:18 Ziggurat
02:11 Tomb of Relics
02:59 Halls of the Dead
03:21 Ziggurat
06:04 Black Citadel
06:08 Temple of the Damned
06:26 Sacrificial Pit
06:32 Temple of the Damned
06:37 Slaughterhouse
07:02 Ziggurat
08:47 Boneyard
10:50 Ziggurat
10:53 Ziggurat
10:55 Ziggurat
11:53 Ziggurat
12:01 Necropolis
» items
| Rod of Necromancy | 1 | |
| Scroll of Town Portal | 1 | |
| Orb of Corruption | 1 | |
3 total

»
Dr.venture (
pink | 59 APM | 1418 actions | 24:12)
8 Death Knight
3 Death Coil
3 Death Pact
1 Unholy Aura
1 Animate Dead
» actions
| Assign group hotkey | 24 | |
| Build / train | 42 | |
| Enter build submenu | 16 | |
| Enter hero's abilities submenu | 9 | |
| Give item / drop item | 1 | |
| Remove unit from queue | 1 | |
| Right click | 485 | |
| Select / deselect | 200 | |
| Select group hotkey | 563 | |
| Use ability | 77 | |
1418 total
» units
| Acolyte | 2 | |
| Ghoul | 3 | |
| Crypt Fiend | 5 | |
| Obsidian Statue | 9 | |
| Abomination | 1 | |
20 total
» upgrades
| Creature Carapace | 2 | |
| Web | 1 | |
| Destroyer Form | 1 | |
| Creature Attack | 2 | |
6 total
» buildings
| Crypt | 1 | |
| Graveyard | 1 | |
| Altar of Darkness | 1 | |
| Ziggurat | 9 | |
| Tomb of Relics | 1 | |
| Halls of the Dead | 1 | |
| Black Citadel | 1 | |
| Slaughterhouse | 2 | |
17 total
» build order
00:29 Crypt
00:34 Graveyard
00:51 Altar of Darkness
01:01 Ziggurat
01:21 Tomb of Relics
01:52 Ziggurat
03:50 Halls of the Dead
04:41 Ziggurat
06:16 Black Citadel
06:21 Slaughterhouse
06:59 Ziggurat
07:15 Slaughterhouse
08:27 Ziggurat
09:56 Ziggurat
12:50 Ziggurat
20:15 Ziggurat
20:16 Ziggurat
» items
| Rod of Necromancy | 1 | |
| Periapt of Vitality | 1 | |
| Scroll of Town Portal | 1 | |
| Potion of Healing | 1 | |
4 total
MULATTOSRWHITE (
purple | 42 APM | 1406 actions | 33:35)
6 Far Seer
3 Feral Spirit
2 Chain Lighting
1 Earth Quake
» actions
| Assign group hotkey | 25 | |
| Basic commands | 1 | |
| Build / train | 60 | |
| Enter build submenu | 24 | |
| Enter hero's abilities submenu | 7 | |
| Remove unit from queue | 1 | |
| Right click | 528 | |
| Select / deselect | 177 | |
| Select group hotkey | 501 | |
| Use ability | 82 | |
1406 total
» units
» upgrades
| Ranged Weapons | 3 | |
| Armor | 2 | |
| Reinforced Defenses | 1 | |
| Envenomed Spears | 1 | |
| Spiked Barricades | 1 | |
| Ensnare | 1 | |
| Liquid Fire | 1 | |
10 total
» buildings
| Altar of Storms | 1 | |
| Orc Burrow | 7 | |
| War Mill | 2 | |
| Stronghold | 1 | |
| Voodoo Lounge | 1 | |
| Beastiary | 5 | |
| Fortress | 1 | |
| Great Hall | 2 | |
| Watch Tower | 35 | |
| Nerubian Tower | 1 | |
56 total
» build order
00:10 Altar of Storms
00:15 Orc Burrow
01:43 Orc Burrow
02:29 War Mill
02:37 Stronghold
03:18 War Mill
03:25 Voodoo Lounge
03:33 Orc Burrow
03:34 Orc Burrow
03:36 Orc Burrow
05:00 Beastiary
05:02 Beastiary
05:03 Beastiary
05:47 Fortress
09:09 Great Hall
09:54 Watch Tower
09:54 Watch Tower
09:55 Watch Tower
09:56 Watch Tower
09:57 Watch Tower
09:58 Watch Tower
09:59 Watch Tower
11:31 Watch Tower
13:38 Watch Tower
13:39 Watch Tower
13:41 Watch Tower
13:42 Watch Tower
13:43 Watch Tower
13:44 Watch Tower
13:46 Watch Tower
13:48 Watch Tower
13:48 Watch Tower
14:15 Watch Tower
14:16 Watch Tower
14:17 Watch Tower
14:20 Watch Tower
15:21 Orc Burrow
15:22 Orc Burrow
16:10 Watch Tower
16:11 Watch Tower
16:18 Watch Tower
16:18 Watch Tower
17:20 Watch Tower
17:21 Watch Tower
18:18 Watch Tower
18:18 Watch Tower
18:19 Watch Tower
18:19 Watch Tower
19:19 Great Hall
21:22 Beastiary
21:23 Beastiary
21:33 Watch Tower
21:34 Watch Tower
21:34 Watch Tower
21:35 Watch Tower
29:06 Nerubian Tower
» items
| Healing Salve | 2 | |
| Staff of Teleportation | 1 | |
| Potion of Lesser Invulnerability | 1 | |
| Scroll of Town Portal | 1 | |
5 total
Elkishhorde (
blue | 36 APM | 1046 actions | 28:55)
4 Death Knight
2 Death Coil
2 Unholy Aura
» actions
| Assign group hotkey | 3 | |
| Basic commands | 73 | |
| Build / train | 61 | |
| Enter build submenu | 19 | |
| Enter hero's abilities submenu | 4 | |
| Give item / drop item | 1 | |
| Remove unit from queue | 1 | |
| Right click | 441 | |
| Select / deselect | 374 | |
| Select group hotkey | 17 | |
| Use ability | 52 | |
1046 total
» units
| Acolyte | 8 | |
| Ghoul | 3 | |
| Crypt Fiend | 26 | |
| Nerubian Webspinner | 1 | |
| Frost Revenant | 1 | |
39 total
» upgrades
| Creature Carapace | 2 | |
| Creature Attack | 2 | |
| Burrow | 1 | |
| Web | 1 | |
6 total
» buildings
| Crypt | 3 | |
| Ziggurat | 9 | |
| Graveyard | 1 | |
| Altar of Darkness | 1 | |
| Nerubian Tower | 2 | |
| Spirit Tower | 7 | |
| Halls of the Dead | 1 | |
24 total
» build order
00:14 Crypt
00:27 Ziggurat
01:04 Crypt
01:20 Graveyard
01:42 Altar of Darkness
01:58 Ziggurat
02:01 Nerubian Tower
02:46 Ziggurat
03:53 Spirit Tower
05:49 Spirit Tower
06:55 Ziggurat
07:06 Halls of the Dead
07:18 Ziggurat
07:23 Ziggurat
09:38 Crypt
14:04 Spirit Tower
14:05 Spirit Tower
14:07 Nerubian Tower
14:12 Ziggurat
15:12 Ziggurat
15:14 Ziggurat
16:12 Spirit Tower
16:15 Spirit Tower
16:16 Spirit Tower
Chat log
(00:09 / All) TheDragonsHoard: A mulatto is half nigger half white
(00:13 / All) Dr.venture: actually
(00:19 / All) Dr.venture: half black half spanish
(00:25 / All) TheDragonsHoard: No, half nigger half white
(00:26 / All) MULATTOSRWHITE: mulato's are white dammit
(00:38 / Allies) Elkishhorde: mutalatosrlips
(00:42 / All) MULATTOSRWHITE: blake griffin, according to skip bayless, is white
(00:47 / All) MULATTOSRWHITE: he is proud of him
(00:52 / All) TheDragonsHoard: Skip Bayless is a retard
(00:55 / All) MULATTOSRWHITE: i know but still
(01:05 / All) MULATTOSRWHITE: he said he takes pride in knowing a white player can jump tha thigh
(01:10 / All) Dr.venture: they playin phx 2mor
(01:20 / All) MULATTOSRWHITE: t wolves raping
(01:22 / All) MULATTOSRWHITE: phoenix?
(01:28 / Allies) Dr.venture: k yo
(01:30 / All) MULATTOSRWHITE: nash is a true white
(01:31 / Allies) Dr.venture: what we doing here
(01:33 / Allies) Dr.venture: massing air?
(01:33 / Allies) MULATTOSRWHITE: wyverns
(01:34 / Allies) MULATTOSRWHITE: bats
(01:36 / Allies) MULATTOSRWHITE: u guys get melee
(01:42 / Allies) Dr.venture: im not meele lol
(01:48 / All) Amenx3: why are you americans so obsessed about race
(01:51 / All) Amenx3: jesus
(01:56 / All) TheDragonsHoard: Kevin Love has just as high of a vertical as Blake Griffin
(01:59 / All) MULATTOSRWHITE: yea teal god damn
(02:06 / All) MULATTOSRWHITE: no he doesnt fool
(02:12 / All) TheDragonsHoard: Yes he does
(02:17 / All) MULATTOSRWHITE: love cant get a penny off the gorund
(02:19 / All) x_Army_Strong_x: Dont use Jesus's name in vein only in prayers please
(02:23 / All) TheDragonsHoard: He plays below the rim because he has fundamentals son
(02:25 / All) Amenx3: vain
(03:01 / Allies) MULATTOSRWHITE: pink do u have an alt
(03:03 / All) TheDragonsHoard: Look it up Love is within a half inch of Griffins vertical jump
(03:05 / Allies) MULATTOSRWHITE: doctorjones?
(03:09 / Allies) Dr.venture: lol no
(03:41 / All) MULATTOSRWHITE: love is pro i have to admit
(03:49 / All) MULATTOSRWHITE: i hope t wolves get a decent sf
(04:05 / Allies) Elkishhorde: you guys wanna level our heros
(04:08 / Allies) MULATTOSRWHITE: no lawl
(04:11 / Allies) MULATTOSRWHITE: im lazy
(04:15 / Allies) Elkishhorde: then why you play
(04:25 / Allies) MULATTOSRWHITE: im straight teching to wyverns ill be lvl 5 in 10 min
(04:28 / Allies) Dr.venture: creep seprate
(04:38 / Allies) Amenx3: its probably for the best
(05:07 / Allies) Dr.venture: yellow blue units?
(05:12 / Allies) Amenx3: wyrms
(05:17 / Allies) Elkishhorde: spider/garg
(05:22 / Allies) MULATTOSRWHITE: gold
(05:24 / Allies) Dr.venture: ill mass dys
(06:32 / Allies) MULATTOSRWHITE: cant tell if i have 4 or 5 on gold
(06:35 / Allies) MULATTOSRWHITE: any help
(06:37 / Allies) MULATTOSRWHITE: fellows
(06:43 / Allies) Dr.venture: wood plz
(06:45 / Allies) Elkishhorde: looks like 4 to me
(06:52 / Allies) Dr.venture: wood
(07:06 / Allies) MULATTOSRWHITE: stick to fiends blue
(07:07 / Allies) MULATTOSRWHITE: not gargs
(07:20 / Allies) Elkishhorde: oh tay
(07:24 / Allies) MULATTOSRWHITE: atta boy
(08:32 / Allies) MULATTOSRWHITE: help me cc this yellow
(08:48 / All) Dr.venture: :D
(09:43 / Allies) Dr.venture: lets go
(12:02 / Allies) Dr.venture: u serious?
(12:14 / Allies) Dr.venture: thats some jewish shit
(12:18 / Allies) MULATTOSRWHITE: u wnat it?
(12:18 / Allies) Elkishhorde: what you want that mine?
(12:20 / Allies) MULATTOSRWHITE: u can hav eit
(12:39 / Allies) Elkishhorde: who has the lich?
(12:43 / Allies) Amenx3: hi
(12:47 / Allies) Elkishhorde: i got some int
(12:50 / Allies) Elkishhorde: thing
(12:51 / Allies) Elkishhorde: if you want it
(12:54 / Allies) Amenx3: sure, thanks
(13:00 / Allies) Elkishhorde: we gonna attack er wat
(13:55 / Allies) MULATTOSRWHITE: wood
(14:36 / All) TheDragonsHoard: Thank you son
(14:47 / Allies) Dr.venture: units
(14:57 / Allies) Dr.venture: purp
(14:59 / Allies) Dr.venture: lets go
(15:03 / Allies) MULATTOSRWHITE: sorry lagging
(15:13 / Allies) Dr.venture: gold plz
(15:14 / Allies) MULATTOSRWHITE: lil bit more wood?
(15:17 / Allies) Amenx3: good god
(15:27 / Allies) MULATTOSRWHITE: skip
(15:29 / Allies) MULATTOSRWHITE: dont hit teal
(15:32 / Allies) MULATTOSRWHITE: hit mainb ase
(15:34 / Allies) Elkishhorde: lol
(15:36 / Allies) Elkishhorde: tower defence
(16:13 / Allies) Dr.venture: bn
(16:21 / Allies) Dr.venture: wow
(16:22 / Allies) Dr.venture: blue
(16:23 / Allies) Dr.venture: ur bad
(16:27 / Allies) Elkishhorde: why
(16:54 / All) TheDragonsHoard: They just let the toewrs die
(16:59 / All) TheDragonsHoard: Nice one
(17:03 / Allies) Dr.venture: WHAT ARE U DOING
(17:26 / Allies) Elkishhorde: orange
(17:28 / Allies) Elkishhorde: in our base
(17:31 / All) x_Army_Strong_x: Notice that Teal goes Air when he sees that you guys have aa
(17:58 / Allies) Amenx3: i have d and d
(18:04 / All) x_Army_Strong_x: gg
(18:22 / Allies) MULATTOSRWHITE: wood
(18:52 / Allies) Dr.venture: dude
(18:52 / Allies) Dr.venture: wtf
(18:54 / Allies) Dr.venture: are u doing
(18:55 / Allies) Dr.venture: honestly
(18:56 / Allies) MULATTOSRWHITE: lagging sorry
(19:06 / Allies) Elkishhorde: orange and green
(19:09 / Allies) Elkishhorde: comin for your base yellow
(21:09 / Allies) Amenx3: b
(21:12 / Allies) Elkishhorde: purp
(21:18 / Allies) Elkishhorde: get in there
(21:29 / Allies) Dr.venture: so useless
(21:30 / Allies) Elkishhorde: gold anyone?
(21:43 / Allies) Dr.venture: PURP TP
(21:44 / Allies) Dr.venture: fuck
(21:52 / Allies) Amenx3: holy shit
(21:54 / Allies) Amenx3: where are you guys
(22:44 / All) Parabolica: gg
(22:50 / Allies) Dr.venture: TP FUCK
(22:53 / Allies) Dr.venture: jesus
(22:55 / Allies) Dr.venture: fucking faggot
(22:56 / Allies) Amenx3: fuck
(22:58 / Allies) Dr.venture: asks for wood
(22:59 / Allies) Dr.venture: all game
(23:01 / Allies) Dr.venture: to mass towers
(23:03 / Allies) Dr.venture: andjust sits in base
(23:06 / Allies) Amenx3: oh
(23:07 / Allies) Dr.venture: like a stupid chink
(23:16 / Allies) Dr.venture: 3k gold
(23:20 / Allies) Elkishhorde: ya pretty gay
(23:22 / Allies) Elkishhorde: and didnt help at all
(23:23 / Allies) Amenx3: have it your way purple
(24:09 / Allies) Dr.venture: HEY PURP U NIGGER BABY GO EAT SHIT
(24:54 / Allies) MULATTOSRWHITE: stay blue
(24:55 / Allies) MULATTOSRWHITE: we got this
(25:00 / Allies) Elkishhorde: fuck that
(25:01 / Allies) Elkishhorde: i got no gold
(25:03 / Allies) MULATTOSRWHITE: fool
(25:06 / Allies) MULATTOSRWHITE: teal is my friend
(25:07 / Allies) MULATTOSRWHITE: he is a spy
(25:13 / Allies) Elkishhorde: lol
(25:20 / Allies) Elkishhorde: can i have 200 gold anyway
(25:37 / All) MULATTOSRWHITE: standoff
(25:38 / All) MULATTOSRWHITE: oj vs blue
(26:17 / Allies) MULATTOSRWHITE: watch
(26:18 / Allies) MULATTOSRWHITE: blue
(26:20 / Allies) MULATTOSRWHITE: hes gonna kill oj soon
(26:22 / Allies) MULATTOSRWHITE: and leave myb ase
(26:32 / Allies) Elkishhorde: k
(26:38 / Allies) MULATTOSRWHITE: build in my base
(27:23 / Allies) MULATTOSRWHITE: build shit this sdie
(27:24 / Allies) MULATTOSRWHITE: blue
(27:39 / Allies) Elkishhorde: the'll interupt me wont they
(27:45 / Allies) MULATTOSRWHITE: they are on our side
(27:57 / Allies) Elkishhorde: they killed my main base
(28:05 / All) TheDragonsHoard: Can't run from me son
(28:21 / All) TheDragonsHoard: This is called a Mexican Standoff
(28:28 / All) TheDragonsHoard: Jake, brief them on the procedure
(28:34 / All) MULATTOSRWHITE: ok blue and orange listen up
(28:42 / All) MULATTOSRWHITE: me and teal are spys, u have equal chance at victory
(28:42 / All) Elkishhorde: nah
(28:48 / All) Elkishhorde: go fuck yourselves
(28:52 / All) Elkishhorde: faggots
(28:57 / All) MULATTOSRWHITE: we will kill all units and leave one building on each side
(28:58 / All) MULATTOSRWHITE: lawl
(29:01 / All) TheDragonsHoard: Alright well
(29:04 / All) TheDragonsHoard: Ornage you gotta lose now
(29:07 / All) TheDragonsHoard: Blue's a pussy
(29:13 / All) TheDragonsHoard: He won't do whatever it takes to achieve victory
(29:21 / All) MULATTOSRWHITE: pink was really ticked
(29:25 / All) MULATTOSRWHITE: orange if u leave no u get a tie
(30:21 / All) MULATTOSRWHITE: pink said
(30:23 / All) MULATTOSRWHITE: before he left
(30:32 / All) MULATTOSRWHITE: "hey purp u nigger baby eater go eat shit"
(30:39 / All) TheDragonsHoard: lol
(30:50 / All) TheDragonsHoard: I planned to kill green early
(30:54 / All) TheDragonsHoard: For taking my expo that I had creeped
(31:05 / All) MULATTOSRWHITE: he attacked my towers with tauren and a lvl 1 tc
(31:07 / All) TheDragonsHoard: Plopped his down right as I creeped it and only brought a TC
(31:20 / All) TheDragonsHoard: Idiot would have never had an expo until t3 without me
(31:29 / All) TheDragonsHoard: Yeah he is retarded
(31:51 / All) MULATTOSRWHITE: fucking costco
(31:57 / All) MULATTOSRWHITE: only havign call of duty games
(31:59 / All) MULATTOSRWHITE: no me3
(32:02 / All) TheDragonsHoard: I'm already playing ME3
(32:07 / All) TheDragonsHoard: for 0 bucks
(32:57 / All) MULATTOSRWHITE: 8k gold
(32:58 / All) MULATTOSRWHITE: for me
(33:01 / All) TheDragonsHoard: 6890
(33:18 / All) TheDragonsHoard: I haven't expanded for a while since there's no need
(33:20 / All) MULATTOSRWHITE: my chat was 7/10 prob, pink was just pissed i wasnt helping
(33:22 / All) TheDragonsHoard: and no current income